 Dungeon Crawl Stone Soup version 0.29.1-1-gd02db6906a (webtiles) character file.

Game seed: 4167639134885366389

86 NullDivider the Stinger (level 4, -3/27 HPs)
             Began as an Octopode Venom Mage on Sept 27, 2022.
             Killed by nerve-wracking pain
             ... invoked by an orc priest
              (5 damage)
             ... on level 2 of the Dungeon.
             The game lasted 00:10:03 (2606 turns).

NullDivider the Stinger (Octopode Venom Mage)       Turns: 2606, Time: 00:10:04

Health: -3/27      AC:  1    Str:  7    XL:     4   Next: 50%
Magic:  5/7        EV: 13    Int: 19    God:
Gold:   59         SH:  0    Dex: 12    Spells: 2/8 levels left

rFire   . . .      SeeInvis .   (no weapon)
rCold   . . .      Faith    .   (no shield)
rNeg    + . .      Spirit   .   (helmet restricted)
rPois   .          Reflect  .   (no amulet)
rElec   .          Harm     .   c - ring of positive energy
rCorr   .          Rampage  .   (no ring)
Will    .....                   (no ring)
Stlth   +++.......              (no ring)
HPRegen 0.09/turn               (no ring)
MPRegen 0.10/turn               (no ring)
                                (no ring)
                                (no ring)

@: no status effects
A: almost no armour, amphibious, 8 rings, camouflage 1, gelatinous body 1,
(nimble swimmer 1), tentacles
a: no special abilities


You were on level 2 of the Dungeon.
You visited 1 branch of the dungeon, and saw 3 of its levels.

You collected 99 gold pieces.
You spent 40 gold pieces at shops.

Inventory:

Jewellery
 c - a ring of positive energy (left tentacle)
Wands
 g - a wand of iceblast (10)
Scrolls
 b - 2 scrolls of teleportation
 d - 2 scrolls of identify {unknown}
 i - 2 scrolls of magic mapping {unknown}
 j - a scroll of brand weapon {unknown}
Potions
 a - a potion of magic
 e - a potion of flight {unknown}
 h - a potion of lignification {unknown}
 l - a potion of might {unknown}


   Skills:
 * Level 2.6 Dodging
 * Level 3.7 Stealth
 * Level 2.5 Spellcasting
 + Level 0.5 Conjurations
 - Level 1.3 Transmutations
 + Level 0.5 Air Magic
 * Level 4.4 Poison Magic


You had 2 spell levels left.
You knew the following spells:

 Your Spells              Type           Power      Damage    Failure   Level
a - Sting                 Tmut/Pois      52%        1d5       4%          1
b - Poisonous Vapours     Pois/Air       22%        N/A       9%          2
c - Mephitic Cloud        Conj/Pois/Air  9%         N/A       22%         3

Your spell library contained the following spells:

 Spells                   Type           Power      Damage    Failure   Level
 Magic Dart               Conj           16%        1d3       13%         1
 Call Imp                 Summ           2%         N/A       24%         2
 Olgreb's Toxic Radiance  Pois           19%        N/A       26%         4


Dungeon Overview and Level Annotations

Branches:
Dungeon (3/15)

Altars:
Hepliaklqana

Shops:
D:2 *


Innate Abilities, Weirdness & Mutations

You cannot wear most types of armour.
You are amphibious.
You can wear up to eight rings at the same time.
Your skin changes colour to match your surroundings (Stealth+).
Your rubbery body absorbs attacks. (AC +1, EV +1)
((You are camouflaged when in or above water. (Stealth+)))
You have tentacles for arms and can constrict up to eight enemies at once.


Message History

The orc priest hits you but does no damage.
Casting: Sting (safe; 4% risk of failure)
Confirm with . or Enter, or press ? or * to list all spells.
Aiming: Sting (safe; 4% risk of failure)
Press: ? - help, Shift-Dir - straight line, f/p - orc priest
Aim: an orc priest, wielding a +0 hand axe and wearing a +0 chain mail (heavily wounded, constricted by you, poisoned, 100% to hit)
The sting hits the orc priest but does no damage.
The orc priest looks even sicker.
The orc priest is heavily wounded.
You constrict the orc priest, but do no damage.
The orc priest hits you with a +0 hand axe.
* * * LOW HITPOINT WARNING * * *
You tentacle-slap the orc priest but do no damage.
You squeeze the orc priest.
The orc priest is severely wounded.
You constrict the orc priest, but do no damage.
The orc priest hits you with a +0 hand axe.
* * * LOW HITPOINT WARNING * * *
You feel better.
You constrict the orc priest.
The orc priest calls down the wrath of Beogh upon you.
Pain shoots through your body!
* * * LOW HITPOINT WARNING * * *
You tentacle-slap the orc priest but do no damage.
You squeeze the orc priest, but do no damage.
The orc priest is severely wounded.
You constrict the orc priest. The orc priest misses you.
You tentacle-slap the orc priest but do no damage.
You tentacle-slap the orc priest, but do no damage.
The orc priest is severely wounded.
You constrict the orc priest.
The orc priest mumbles some strange prayers to Beogh against you.
Pain shoots through your body!
* * * LOW HITPOINT WARNING * * *
You release your grip on the orc priest.
The orc priest closely misses you.
Things that are here:
a +0 dagger; a +0 robe; an orc corpse The orc priest invokes the aid of Beogh against you.
Pain shoots through your body!
You die...

#.###..###.####.#.#
#.# #..# #.####.#.#
#.# #.)###.#....#.#
#.###.......#.###..
#.....####..#.....#
##########[.#.....#
#>o........##.#...
#)#...........#.##
####@#.#....>..#...##
#....#.#.#######.####
#.####.#.......#.####
#.####.#..####.#.....
#.........# #......#
####.###..# ###.....
#####.# ##)######.##.#
#.....# #............
#.##################.#


You could see an orc priest (poisoned).

Vanquished Creatures
  An orc wizard (D:2)
  A gnoll (D:1)
  A worm (D:2)
  4 endoplasms
  A giant cockroach (D:2)
  4 goblins
  5 hobgoblins
  4 jackals (D:1)
  3 kobolds
  2 quokkas
  6 ball pythons
  5 bats (D:1)
  2 frilled lizards (D:1)
  5 rats
44 creatures vanquished.

Notes
Turn   | Place    | Note
-------+----------+-------------------------------------------
     0 | D:1      | NullDivider the Octopode Venom Mage began the quest for the
                  | Orb.
     0 | D:1      | Reached XP level 1. HP: 11/11 MP: 3/3
   222 | D:1      | Reached XP level 2. HP: 17/17 MP: 1/5
   267 | D:1      | Learned a level 2 spell: Poisonous Vapours
   873 | D:1      | Reached skill level 4 in Poison Magic
  1163 | D:1      | Reached XP level 3. HP: 21/21 MP: 2/6
  1167 | D:1      | Learned a level 3 spell: Mephitic Cloud
  2298 | D:2      | Found Tolops's General Store.
  2312 | D:2      | Bought a scroll of teleportation for 30 gold pieces
  2312 | D:2      | Bought a scroll of noise for 10 gold pieces
  2356 | D:2      | Reached XP level 4. HP: 27/27 MP: 3/7
  2588 | D:3      | Found a hazy altar of Hepliaklqana.
  2596 | D:2      | HP: 1/27 [orc priest/+0 hand axe (3)]
  2601 | D:2      | HP: 1/27 [orc priest/+0 hand axe (2)]
  2606 | D:2      | Killed from afar by an orc priest

Illustrated notes

Levels and vault maps discovered:
D:1:      psy_arrival_terrarium, layout_basic
D:2:      minmay_spotlight, layout_basic, serial_shops, nicolae_shop_stone
D:3:      layout_basic, mainiacjoe_overflow_concentric_impassable

Skill      XL: |  1  2 |
---------------+-------+-----
Stealth        | 3 |  3.7
Poison Magic   | 4 |  4.4
Dodging        | |  2.6
Spellcasting   | |  2.5
Conjurations   | |  0.5
Transmutations | |  1.3
Air Magic      | |  0.5

Action                   |  1- 3 |  4- 6 || total
-------------------------+-------+-------++-------
Melee: Unarmed           |    40 |    11 ||    51
       Constrict         |    10 |     4 ||    14
       Tentacles         |    10 |     8 ||    18
       Punch             |       |     2 ||     2
 Cast: Sting             |    50 |     5 ||    55
       Poisonous Vapours |     4 |       ||     4
  Use: Potion            |       |     3 ||     3
 Stab: Sleeping          |     2 |       ||     2
Armor: Skin              |     2 |     1 ||     3
Dodge: Dodged            |    23 |     7 ||    30
